[Event "Titled Tuesday Blitz January 10 Early 2023"]
[White "Martinez Ramirez, Lennis"]
[Black "Rozman, Levy"]
[WhiteFideId "3509079"]
[BlackFideId "2039877"]
[WhiteElo "2426"]
[BlackElo "2322"]
[Result "0-1"]
[Round "05"]
[TimeControl "180+2"]
[Date "2023.01.10"]
[WhiteClock "0:00:12"]
[BlackClock "0:00:06"]

1. c4 g6 2. Nc3 Bg7 3. d4 c5 4. Nf3 cxd4 5. Nxd4 Nc6 6. e3 Nf6 7. g3 d5 8. cxd5 Nxd5 9. Bg2 Nxd4 10. Nxd5 Nc6 11. O-O O-O 12. Bd2 Bxb2 13. Rb1 Bg7 14. e4 e6 15. Ne3 b6 16. Ng4 h5 17. Ne3 Ba6 18. Re1 Ne5 19. Qa4 Qxd2 20. Qxa6 Nd3 21. Rf1 Nc5 22. Qa3 Rad8 23. Qxa7 Bd4 24. Nc4 Qc2 25. Rbc1 Bxf2+ 26. Kh1 Qe2 27. Nxb6 Nxe4 28. Qc7 Bxb6 29. Qxb6 Rd2 30. Qg1 Rxa2 31. g4 Nf2+ 32. Rxf2 Qxf2 33. gxh5 Qxg1+ 34. Rxg1 g5 35. Bh3 Ra5 36. Rf1 Rfa8 37. h6 Ra1 38. h7+ Kxh7 39. Kg2 Rxf1 40. Kxf1 f5 41. Bg2 Ra2 42. Bf3 Kg6 43. Kg1 Rb2 44. h3 Kf6 45. Bc6 Ke5 46. Bd7 Rd2 47. Bc8 Rd6 48. Bb7 Kf4 49. Bg2 e5 50. Kh2 e4 51. h4 gxh4 52. Kh3 Rd3+ 53. Kh2 Rg3 54. Bf1 Ke3 55. Bg2 f4 56. Bh3 f3 57. Bf1 Kf2 58. Bh3 Rxh3+ 59. Kxh3 e3 60. Kxh4 e2 61. Kg4 e1=Q 62. Kf4 Qe3+ 63. Kf5 Qd4 64. Kg5 Qe4 65. Kh5 Qf4 66. Kg6 Qe5 67. Kh6 Qg3 68. Kh5 Ke3 69. Kh6 f2 70. Kh7 f1=N 71. Kh8 Nd2 72. Kh7 Nc4 73. Kh6 Ne5 74. Kh7 Qg6+ 75. Kh8 Nf7# 0-1


[Site "https://www.chess.com"]

[Event "Titled Tuesday Blitz January 10 Early 2023"]
[White "Vakhlamov, Igor L."]
[Black "Liyanage, Ranindu Dilshan"]
[WhiteFideId "24126748"]
[BlackFideId "9915834"]
[WhiteElo "2413"]
[BlackElo "2342"]
[Result "1-0"]
[Round "05"]
[TimeControl "180+2"]
[Date "2023.01.10"]
[WhiteClock "0:00:25"]
[BlackClock "0:00:09"]

1. e4 e5 2. Nf3 Nc6 3. Nc3 Nf6 4. Bb5 Bb4 5. Nd5 Bc5 6. O-O O-O 7. d4 Nxd4 8. Nxd4 exd4 9. Bg5 Be7 10. Nxe7+ Qxe7 11. Qxd4 d6 12. f4 h6 13. Bh4 c5 14. Qc3 Qxe4 15. Bxf6 gxf6 16. Qxf6 Qg6 17. Qc3 h5 18. Rae1 Bf5 19. Re3 h4 20. Qe1 Qf6 21. Bd3 Bxd3 22. cxd3 Kg7 23. f5 Rh8 24. Re4 Rh5 25. Rff4 Rg8 26. Rg4+ Rg5 27. Qxh4 Kf8 28. h3 Qxf5 29. Qh6+ R5g7 30. Qxd6# 1-0


[Site "https://www.chess.com"]

[Event "Titled Tuesday Blitz January 10 Early 2023"]
[White "Stribuk, Artiom"]
[Black "Mirzoev, Azer"]
[WhiteFideId "13515659"]
[BlackFideId "13400304"]
[WhiteElo "2378"]
[BlackElo "2416"]
[Result "1-0"]
[Round "05"]
[TimeControl "180+2"]
[Date "2023.01.10"]
[WhiteClock "0:00:04"]
[BlackClock "0:00:01"]

1. d4 d5 2. c4 c6 3. Nf3 Nf6 4. Nc3 dxc4 5. a4 Bf5 6. Ne5 e6 7. Nxc4 Nbd7 8. g3 a5 9. Bg2 Bb4 10. O-O O-O 11. e4 Bg6 12. Qe2 h6 13. Rd1 Bh5 14. f3 Nb6 15. Ne5 Nfd7 16. g4 Bg6 17. Nxg6 fxg6 18. f4 Qh4 19. Be3 Qe7 20. Rf1 c5 21. Rad1 cxd4 22. Bxd4 Rad8 23. e5 Bc5 24. Ne4 Nxa4 25. Qb5 Bxd4+ 26. Rxd4 Nac5 27. Nd6 b6 28. h3 g5 29. f5 exf5 30. Nxf5 Qxe5 31. Rd5 Qc7 32. Ne7+ Kh7 33. Re1 Nf6 34. Rxd8 Rxd8 35. Qc4 Qf4 36. Qc2+ Nd3 37. Nc6 Kh8 38. Rf1 Qd6 39. Kh1 1-0


[Site "https://www.chess.com"]

[Event "Titled Tuesday Blitz January 10 Early 2023"]
[White "Harsh Suresh"]
[Black "Hsu, Li Yang"]
[WhiteFideId "45018464"]
[BlackFideId "5800080"]
[WhiteElo "2298"]
[BlackElo "2427"]
[Result "1-0"]
[Round "05"]
[TimeControl "180+2"]
[Date "2023.01.10"]
[WhiteClock "0:00:31"]
[BlackClock "0:00:03"]

1. e4 c6 2. d3 d5 3. Nd2 e5 4. Ngf3 Bd6 5. d4 exd4 6. exd5 cxd5 7. Bb5+ Nc6 8. Nxd4 Bd7 9. Nxc6 bxc6 10. Bd3 Nf6 11. O-O O-O 12. Nf3 h6 13. h3 c5 14. b3 a5 15. Bb2 a4 16. Qd2 a3 17. Be5 Bxe5 18. Nxe5 Re8 19. Rfe1 Be6 20. Qf4 d4 21. Qf3 Bd5 22. Qg3 Qd6 23. f4 Re7 24. Re2 Rae8 25. Rae1 Bb7 26. Bb5 Qd8 27. Bxe8 Qxe8 28. Ng4 Ne4 29. Rxe4 1-0


[Site "https://www.chess.com"]

[Event "Titled Tuesday Blitz January 10 Early 2023"]
[White "UnknownMagician"]
[Black "Demchenko, Anton"]
[BlackFideId "4160258"]
[WhiteElo "2657"]
[BlackElo "2623"]
[Result "0-1"]
[Round "05"]
[TimeControl "180+2"]
[Date "2023.01.10"]
[WhiteClock "0:00:01"]
[BlackClock "0:00:57"]

1. c4 d6 2. Nc3 e5 3. d3 f5 4. Nf3 Nf6 5. g3 Be7 6. Bg2 O-O 7. O-O Nc6 8. Rb1 a5 9. a3 h6 10. b4 axb4 11. axb4 Be6 12. b5 Na5 13. Nd2 c6 14. Nb3 d5 15. bxc6 bxc6 16. cxd5 cxd5 17. Nxa5 Rxa5 18. d4 e4 19. Bf4 g5 20. Be5 Ng4 21. Rb8 Qd7 22. Rxf8+ Bxf8 23. e3 Ra3 24. Qc1 Qc6 25. Ne2 Qa6 26. Re1 Bb4 27. Qc7 Nxe5 28. dxe5 Bxe1 29. Nd4 Bb4 30. Qd8+ Bf8 0-1


[Site "https://www.chess.com"]

[Event "Titled Tuesday Blitz January 10 Early 2023"]
[White "Harsha Bharathakoti"]
[Black "Koellner, Ruben Gideon"]
[WhiteFideId "5078776"]
[BlackFideId "12993093"]
[WhiteElo "2602"]
[BlackElo "2426"]
[Result "0-1"]
[Round "05"]
[TimeControl "180+2"]
[Date "2023.01.10"]
[WhiteClock "0:00:01"]
[BlackClock "0:00:06"]

1. b3 d6 2. Bb2 e5 3. g3 Nf6 4. Bg2 c6 5. c4 Be7 6. Nf3 O-O 7. O-O Nbd7 8. Nc3 Re8 9. d3 Nf8 10. b4 Ng6 11. b5 Bf8 12. Nd2 Bd7 13. a4 Qc7 14. Rc1 a6 15. Qb3 axb5 16. axb5 Reb8 17. Nde4 Nxe4 18. dxe4 Be6 19. Rfd1 Be7 20. h4 Nf8 21. Ba3 Nd7 22. Bb4 Nb6 23. Nd5 Nxd5 24. cxd5 Bd7 25. dxc6 bxc6 26. bxc6 Bxc6 27. Qc4 Qd7 28. Bxd6 Bxd6 29. Qxc6 Qxc6 30. Rxc6 Bf8 31. e3 Rd8 32. Rd5 f6 33. Bf1 Rac8 34. Rxc8 Rxc8 35. h5 g6 36. Be2 Rc7 37. Kg2 Kg7 38. Bg4 Be7 39. Ra5 Kf7 40. Be2 Kg7 41. Rb5 Kf7 42. Kh2 Kg7 43. Kg2 Kf7 44. Kf3 Kg7 45. Rb6 Kf7 46. Bd1 Kg7 47. Kg2 Kf7 48. hxg6+ hxg6 49. Bb3+ Kg7 50. Kf3 Bc5 51. Rb5 Be7 52. Bd5 Bd6 53. Ke2 Bf8 54. Rb6 Be7 55. Ra6 Bf8 56. f4 Re7 57. Kf3 Rc7 58. Re6 Re7 59. Rc6 Rd7 60. Rc8 Re7 61. Rb8 Rd7 62. g4 g5 63. Rb6 Rc7 64. Re6 exf4 65. exf4 Rc3+ 66. Kf2 gxf4 67. Rc6 Bc5+ 68. Ke2 Re3+ 69. Kf1 Bd4 70. Rc7+ Kg6 71. Be6 Kg5 72. Rg7+ Kh4 0-1


[Site "https://www.chess.com"]

[Event "Titled Tuesday Blitz January 10 Early 2023"]
[White "Shuvalova, Polina"]
[Black "Pakleza, Zbigniew"]
[WhiteFideId "24171760"]
[BlackFideId "1119290"]
[WhiteElo "2484"]
[BlackElo "2494"]
[Result "0-1"]
[Round "05"]
[TimeControl "180+2"]
[Date "2023.01.10"]
[WhiteClock "0:00:03"]
[BlackClock "0:00:16"]

1. d4 d6 2. e4 Nf6 3. Nc3 c6 4. Nf3 Bg4 5. Be2 e6 6. h3 Bh5 7. Be3 d5 8. e5 Nfd7 9. Nd2 Bg6 10. Nb3 c5 11. Nxc5 Nxc5 12. dxc5 Nc6 13. Bb5 Qc7 14. O-O O-O-O 15. Bxc6 Qxc6 16. Qd4 Be7 17. b4 f6 18. Bf4 b6 19. cxb6 Qxb6 20. Qxb6 axb6 21. Nb5 Bxb4 22. Rab1 Bc5 23. Rfe1 Kd7 24. Rb2 Rhe8 25. Nd6 Rf8 26. Nb7 Bd4 0-1


[Site "https://www.chess.com"]

[Event "Titled Tuesday Blitz January 10 Early 2023"]
[White "Kim, Yoon-Young"]
[Black "Neiksans, Arturs"]
[WhiteFideId "30908779"]
[BlackFideId "11601388"]
[WhiteElo "2304"]
[BlackElo "2615"]
[Result "1-0"]
[Round "05"]
[TimeControl "180+2"]
[Date "2023.01.10"]
[WhiteClock "0:00:15"]
[BlackClock "0:00:24"]

1. d4 f5 2. g3 Nf6 3. Bg2 g6 4. c3 Bg7 5. Qb3 Nc6 6. Nd2 d5 7. Ndf3 O-O 8. h4 a5 9. a4 b6 10. Nh3 Ba6 11. Nf4 Qd6 12. h5 Nxh5 13. Nxd5 e6 14. Nf4 Nxf4 15. Bxf4 Qd7 16. Ng5 Rae8 17. Rxh7 Nd8 18. O-O-O Bxe2 19. Rdh1 Bh5 20. Bf3 Nf7 21. R7xh5 gxh5 22. Bxh5 Nxg5 23. Bxe8 Rxe8 24. Bxg5 Qc6 25. Re1 Kf7 26. Qc2 b5 27. axb5 Qxb5 28. Qe2 Qd5 29. Qh5+ Kf8 30. Bh6 Re7 31. Qg6 Bxh6+ 32. Qxh6+ Ke8 33. Qh8+ Kd7 34. Qe5 Qa2 35. Kc2 a4 36. Qb5+ c6 37. Qb7+ Kd6 38. Qb4+ Kd7 39. Re5 Qa1 40. Ra5 Ke8 41. Qxa4 Qf1 42. Qxc6+ Kf7 43. Qf3 Qh1 44. Qxh1 1-0


[Site "https://www.chess.com"]

[Event "Titled Tuesday Blitz January 10 Early 2023"]
[White "Galchenko, Matvey"]
[Black "Sokolovsky, Yahli"]
[WhiteFideId "24175480"]
[BlackFideId "2820242"]
[WhiteElo "2438"]
[BlackElo "2461"]
[Result "1-0"]
[Round "05"]
[TimeControl "180+2"]
[Date "2023.01.10"]
[WhiteClock "0:00:21"]
[BlackClock "0:00:13"]

1. f4 g6 2. Nf3 Bg7 3. g3 d5 4. Bg2 Bf5 5. O-O Nf6 6. d3 O-O 7. Nc3 d4 8. e4 dxc3 9. exf5 gxf5 10. bxc3 Nd5 11. Bd2 Nxc3 12. Qe1 Nd5 13. Rb1 e6 14. Rxb7 Nd7 15. Rb1 Rb8 16. Qf2 N7b6 17. Ne5 Qe8 18. c4 Ne7 19. Qc5 Nd7 20. Qxc7 Rxb1 21. Rxb1 Nxe5 22. fxe5 Qd8 23. Qxd8 Rxd8 24. Bg5 Re8 25. Rb7 Ng6 26. d4 h6 27. Be3 f6 28. Bf3 Re7 29. Rb8+ Kh7 30. exf6 Bxf6 31. c5 f4 32. gxf4 Nh4 33. Be4+ Nf5 34. d5 Kg7 35. d6 Nxe3 36. dxe7 Bxe7 37. c6 Bc5 38. Rb5 Bd4 39. Kh1 Nc4 40. Rb4 1-0


[Site "https://www.chess.com"]

[Event "Titled Tuesday Blitz January 10 Early 2023"]
[White "Dehtiarov, Roman"]
[Black "Mikhailovsky, Vladimir"]
[WhiteFideId "14186640"]
[BlackFideId "34105414"]
[WhiteElo "2289"]
[BlackElo "2215"]
[Result "0-1"]
[Round "05"]
[TimeControl "180+2"]
[Date "2023.01.10"]
[WhiteClock "0:00:02"]
[BlackClock "0:00:05"]

1. e4 Nf6 2. Nc3 d5 3. e5 Nfd7 4. d4 c5 5. f4 e6 6. Nf3 Nc6 7. Be3 Qb6 8. Rb1 cxd4 9. Nxd4 Bc5 10. Nce2 O-O 11. c3 a5 12. g3 f6 13. exf6 Nxf6 14. Bg2 e5 15. Nxc6 Bxe3 16. Nxe5 Bf2+ 17. Kf1 Ng4 18. Qxd5+ Be6 19. Nxg4 Bxd5 20. Bxd5+ Kh8 21. Nxf2 Rae8 22. c4 g5 23. b3 Qe3 24. Re1 gxf4 25. gxf4 Rxf4 26. Nxf4 Qxe1+ 27. Kg2 Qe3 28. Nh5 a4 29. Ng3 axb3 30. axb3 Qxb3 31. Rf1 Rf8 32. Kg1 b5 33. Rc1 Qb2 34. Rf1 Qb3 35. Rc1 Qb2 36. Rf1 b4 37. c5 Qd4 38. Bg2 Qxc5 39. Ne4 Qe3 40. Kh1 b3 41. Rb1 Rxf2 42. Nxf2 Qxf2 43. h3 Qc2 44. Re1 b2 45. Be4 Qxe4+ 46. Rxe4 b1=Q+ 0-1


[Site "https://www.chess.com"]

[Event "Titled Tuesday Blitz January 10 Early 2023"]
[White "Urazayev, Arystanbek"]
[Black "Szpar, Milosz"]
[WhiteFideId "13709810"]
[BlackFideId "1184989"]
[WhiteElo "2460"]
[BlackElo "2447"]
[Result "1-0"]
[Round "05"]
[TimeControl "180+2"]
[Date "2023.01.10"]
[WhiteClock "0:01:46"]
[BlackClock "0:01:05"]

1. e4 c5 2. Nf3 d6 3. d4 cxd4 4. Nxd4 Nf6 5. Nc3 Nc6 6. Bg5 Bd7 7. Qd2 Rc8 8. Bxf6 gxf6 9. Be2 Nxd4 10. Qxd4 Qa5 11. O-O Rg8 12. Bf3 Qc5 13. Qd3 Bh6 14. Rfe1 Bf4 15. Nd5 Be5 16. c3 b5 17. a3 Rg5 18. h4 Rg7 19. Qd2 Kf8 20. Qh6 Re8 21. Rad1 Kg8 22. Rd3 Rg6 23. Qd2 Qc8 24. Bh5 Rg7 25. f4 e6 26. fxe5 exd5 27. exf6 dxe4 28. Qh6 Qc5+ 29. Kh1 Rxg2 30. Kxg2 Bh3+ 31. Rxh3 1-0


[Site "https://www.chess.com"]

[Event "Titled Tuesday Blitz January 10 Early 2023"]
[White "Lagarde, Maxime"]
[Black "Mohamed Anees M"]
[WhiteFideId "662399"]
[BlackFideId "35065815"]
[WhiteElo "2579"]
[BlackElo "2315"]
[Result "1-0"]
[Round "05"]
[TimeControl "180+2"]
[Date "2023.01.10"]
[WhiteClock "0:01:43"]
[BlackClock "0:00:45"]

1. d4 d5 2. Nf3 Nf6 3. Bf4 c5 4. e3 Nc6 5. Nbd2 Qb6 6. c4 cxd4 7. exd4 Bf5 8. cxd5 Nxd5 9. Nc4 Qd8 10. Bg3 e6 11. a3 Be7 12. Bd3 Bxd3 13. Qxd3 O-O 14. O-O Rc8 15. Rac1 a6 16. Rc2 b5 17. Nce5 Nxe5 18. Nxe5 Rxc2 19. Qxc2 Qb6 20. Nd7 Qxd4 21. Nxf8 Bxf8 22. Rd1 Qb6 23. h4 h6 24. Qc8 a5 25. Rc1 Ne7 26. Qc7 Qd4 27. Qe5 Qd2 28. Qc3 Qxc3 29. Rxc3 f6 30. Rc5 b4 31. Rxa5 bxa3 32. bxa3 Nd5 33. Ra8 Kf7 34. a4 Bc5 35. h5 e5 36. Ra5 1-0


[Site "https://www.chess.com"]

[Event "Titled Tuesday Blitz January 10 Early 2023"]
[White "Boros, Denes"]
[Black "Fiorito, Joaquin"]
[WhiteFideId "722340"]
[BlackFideId "180173"]
[WhiteElo "2406"]
[BlackElo "2405"]
[Result "1-0"]
[Round "05"]
[TimeControl "180+2"]
[Date "2023.01.10"]
[WhiteClock "0:00:16"]
[BlackClock "0:00:11"]

1. d4 Nf6 2. Nc3 d5 3. Nf3 a6 4. Bg5 e6 5. e4 Be7 6. e5 Nfd7 7. h4 h6 8. Bxe7 Qxe7 9. Qd2 c5 10. Ne2 Nc6 11. c3 b5 12. Nf4 Bb7 13. Be2 cxd4 14. cxd4 Qb4 15. Rc1 Qxd2+ 16. Kxd2 Ke7 17. h5 Rhc8 18. Nd3 Na5 19. b3 Rxc1 20. Kxc1 Rc8+ 21. Kd2 Nc6 22. Rh4 a5 23. Rg4 Kf8 24. Rf4 b4 25. g4 Ke7 26. g5 hxg5 27. Nxg5 f6 28. Nf3 Ba6 29. Rg4 Kf7 30. exf6 gxf6 31. h6 Rg8 32. Rh4 Rh8 33. h7 Kg7 34. Nf4 Bxe2 35. Kxe2 Nf8 36. Rg4+ Kf7 37. Rg1 Nxh7 38. Rh1 Kg7 39. Nxe6+ Kf7 40. Nf4 Re8+ 41. Kd3 Nf8 42. Nxd5 Rd8 43. Ne3 Ne6 44. d5 Nc7 45. Kc4 Ne7 46. Rh7+ Ke8 47. Kc5 Ncxd5 48. Rh8+ Kf7 49. Rxd8 1-0


[Site "https://www.chess.com"]

[Event "Titled Tuesday Blitz January 10 Early 2023"]
[White "Mahdavi, Reza"]
[Black "Derjabin, Ilja"]
[WhiteFideId "12595926"]
[BlackFideId "14104768"]
[WhiteElo "2339"]
[BlackElo "2333"]
[Result "1-0"]
[Round "05"]
[TimeControl "180+2"]
[Date "2023.01.10"]
[WhiteClock "0:00:36"]
[BlackClock "0:00:02"]

1. e4 e6 2. d4 d5 3. Nc3 Nf6 4. e5 Ne4 5. Nxe4 dxe4 6. Bc4 a6 7. Ne2 b5 8. Bb3 c5 9. c3 cxd4 10. cxd4 Bb4+ 11. Bd2 Nc6 12. Bxb4 Nxb4 13. O-O Bb7 14. a3 Nd3 15. Rb1 O-O 16. Bc2 Qd5 17. f3 f5 18. Bxd3 exd3 19. Qxd3 Rfd8 20. Qe3 Rac8 21. Rbc1 h6 22. Rxc8 Rxc8 23. Rc1 Rd8 24. Kf2 a5 25. Rc5 Qd7 26. Qc3 Bd5 27. Qxa5 Bc4 28. Qc7 Qe8 29. Rxc4 bxc4 30. Qxc4 Qe7 31. g3 Kh7 32. Nf4 Qa7 33. Nxe6 Rb8 34. Qc2 Qa5 35. Qxf5+ Kh8 36. Qc2 Qb6 37. Nc5 Qxb2 38. Qxb2 Rxb2+ 39. Ke3 Ra2 40. a4 Rxh2 41. d5 Kg8 42. d6 Kf8 43. e6 Rc2 44. Kd4 Rd2+ 45. Ke5 Re2+ 46. Kd5 Rd2+ 47. Kc6 g5 48. a5 h5 49. a6 h4 50. gxh4 gxh4 51. Kc7 Rc2 52. a7 Ra2 53. d7 h3 54. d8=Q+ 1-0


[Site "https://www.chess.com"]

[Event "Titled Tuesday Blitz January 10 Early 2023"]
[White "Bazarov, Konstantin"]
[Black "Bilych, Olexiy"]
[WhiteFideId "4137000"]
[BlackFideId "14156504"]
[WhiteElo "2235"]
[BlackElo "2441"]
[Result "1-0"]
[Round "05"]
[TimeControl "180+2"]
[Date "2023.01.10"]
[WhiteClock "0:00:32"]
[BlackClock "0:00:27"]

1. d4 Nf6 2. c4 e6 3. Nc3 Bb4 4. f3 O-O 5. Bg5 h6 6. Bh4 c5 7. a3 Bxc3+ 8. bxc3 d6 9. e3 b6 10. Bd3 Nc6 11. Ne2 Bb7 12. O-O Rc8 13. Rc1 Na5 14. e4 e5 15. f4 exf4 16. Nxf4 g5 17. e5 dxe5 18. dxe5 Ne4 19. Qe2 gxh4 20. Bxe4 Bxe4 21. Qxe4 Qg5 22. e6 fxe6 23. Nxe6 Rxf1+ 24. Rxf1 Qh5 25. Nf4 Re8 26. Nxh5 1-0


[Site "https://www.chess.com"]

[Event "Titled Tuesday Blitz January 10 Early 2023"]
[White "Najdin, Danil"]
[Black "Boruchovsky, Avital"]
[WhiteFideId "4172426"]
[BlackFideId "2800055"]
[WhiteElo "2235"]
[BlackElo "2539"]
[Result "1-0"]
[Round "05"]
[TimeControl "180+2"]
[Date "2023.01.10"]
[WhiteClock "0:00:05"]
[BlackClock "0:00:13"]

1. e4 e5 2. Nf3 Nc6 3. Nc3 g6 4. d4 exd4 5. Nd5 Bg7 6. Bg5 Nce7 7. Nxd4 c6 8. Nc3 h6 9. Bh4 g5 10. Bg3 d5 11. e5 Ng6 12. Qe2 N8e7 13. O-O-O Qb6 14. h4 gxh4 15. Bxh4 Nxh4 16. Rxh4 Ng6 17. Rh1 O-O 18. Qh5 Qd8 19. Nf3 Re8 20. Re1 d4 21. Bc4 dxc3 22. Qxg6 cxb2+ 23. Kb1 Be6 24. Qe4 Bxc4 25. Qxc4 Re6 26. Nd4 Rxe5 27. Rxe5 Bxe5 28. Nf5 Qd7 29. Qg4+ Kf8 30. Rxh6 Rd8 31. Rh1 Qd2 32. g3 Rd5 33. Qh5 Bg7 34. Qh8+ Bxh8 35. Rxh8# 1-0


[Site "https://www.chess.com"]

[Event "Titled Tuesday Blitz January 10 Early 2023"]
[White "Rakhmanov, Aleksandr"]
[Black "Jovic, Stanoje"]
[WhiteFideId "4173708"]
[BlackFideId "905020"]
[WhiteElo "2632"]
[BlackElo "2075"]
[Result "0-1"]
[Round "05"]
[TimeControl "180+2"]
[Date "2023.01.10"]
[WhiteClock "0:00:01"]
[BlackClock "0:00:07"]

1. d4 Nf6 2. c4 e6 3. Nc3 Bb4 4. e3 O-O 5. Bd3 d5 6. a3 Bxc3+ 7. bxc3 c5 8. cxd5 exd5 9. Ne2 b6 10. O-O Ba6 11. dxc5 bxc5 12. Bxa6 Nxa6 13. c4 dxc4 14. Qa4 Nc7 15. Qxc4 Qd5 16. Qc2 Rfd8 17. Bb2 Qe4 18. Qxc5 Ne6 19. Qe5 Qc2 20. Ng3 Rab8 21. Rab1 Rb3 22. Rfc1 Qd2 23. Nf1 Qe2 24. Re1 Qc2 25. Rec1 Qe2 26. Ba1 Rxa3 27. Qg3 Ne4 28. Qh4 Ra4 29. Re1 Qc2 30. Rbc1 Qa2 31. Rcd1 Re8 32. Rd7 g5 33. Qh5 Qxf2+ 34. Kh1 Qf5 35. Rc1 Nf2+ 36. Kg1 Nd3 37. Rd1 Nf2 38. Re1 Ng4 0-1


[Site "https://www.chess.com"]

[Event "Titled Tuesday Blitz January 10 Early 2023"]
[White "Arjun, Kalyan"]
[Black "Moskvin, Anatoly"]
[WhiteFideId "35018701"]
[BlackFideId "24199990"]
[WhiteElo "2516"]
[BlackElo "2189"]
[Result "1-0"]
[Round "05"]
[TimeControl "180+2"]
[Date "2023.01.10"]
[WhiteClock "0:00:38"]
[BlackClock "0:00:03"]

1. d4 d5 2. Nf3 c5 3. e3 Nf6 4. b3 e6 5. Bb2 Nbd7 6. Nbd2 b6 7. Bd3 Bb7 8. O-O Be7 9. dxc5 bxc5 10. c4 O-O 11. Rc1 Qa5 12. Bc3 Qb6 13. Qe2 Rfe8 14. Rfd1 Bf8 15. Nf1 e5 16. Bb1 d4 17. Bb2 e4 18. Ne1 d3 19. Qd2 Ne5 20. Ng3 h5 21. h3 Qe6 22. Qc3 Bd6 23. a3 h4 24. Nf1 Bc7 25. b4 Ned7 26. Qd2 Qd6 27. f4 exf3 28. gxf3 Qe6 29. Qg2 Be5 30. Nxd3 Bxb2 31. Nxb2 cxb4 32. axb4 Ne5 33. e4 Ng6 34. Nd3 Qb6+ 35. c5 Qc7 36. Qh2 Qe7 37. Ne3 a6 38. Nf5 Qe6 39. Nd6 Re7 40. Ba2 Qd7 41. Kh1 Qc7 42. Rg1 Rd8 43. Nf4 Nxf4 44. Qxf4 Kf8 45. Rg5 Re6 46. Rcg1 Rd7 47. Bxe6 Qxd6 48. cxd6 1-0


[Site "https://www.chess.com"]

[Event "Titled Tuesday Blitz January 10 Early 2023"]
[White "Zemlyanskii, Ivan"]
[Black "Ortega Ruiz, Jose Miguel"]
[WhiteFideId "24249971"]
[BlackFideId "2209713"]
[WhiteElo "2300"]
[BlackElo "2351"]
[Result "1-0"]
[Round "05"]
[TimeControl "180+2"]
[Date "2023.01.10"]
[WhiteClock "0:00:30"]
[BlackClock "0:00:11"]

1. d4 Nf6 2. c4 e6 3. Nf3 c5 4. e3 cxd4 5. exd4 d5 6. Nc3 Bb4 7. cxd5 exd5 8. Bd3 O-O 9. O-O Nc6 10. Bg5 Be7 11. h3 h6 12. Bf4 Bd6 13. Be5 Be6 14. Re1 Bc7 15. Qd2 Nxe5 16. dxe5 Nd7 17. Nb5 Bb8 18. Rac1 a6 19. Nbd4 Qe7 20. Bb1 Rd8 21. Qd3 Nf8 22. Nxe6 Qxe6 23. Nd4 Qe7 24. Nf5 Qe6 25. Nd4 Qb6 26. e6 fxe6 27. Nxe6 Nxe6 28. Qh7+ Kf8 29. Qf5+ Ke7 30. Qg6 Rf8 31. Bf5 Rf6 32. Qxg7+ Rf7 33. Qg4 Rxf5 34. Qxf5 Ba7 35. Rc7+ Kd8 36. Rf7 Nd4 37. Qd7# 1-0


[Site "https://www.chess.com"]

[Event "Titled Tuesday Blitz January 10 Early 2023"]
[White "Sai Han Thiha"]
[Black "Preotu, Razvan"]
[WhiteFideId "13012290"]
[BlackFideId "2613280"]
[WhiteElo "2070"]
[BlackElo "2475"]
[Result "0-1"]
[Round "05"]
[TimeControl "180+2"]
[Date "2023.01.10"]
[WhiteClock "0:00:03"]
[BlackClock "0:00:30"]

1. d4 Nf6 2. c4 g6 3. Nc3 d5 4. Nf3 Bg7 5. Qb3 dxc4 6. Qxc4 O-O 7. e4 a6 8. Be2 b5 9. Qb3 c5 10. dxc5 Be6 11. Qc2 Nbd7 12. Be3 Rc8 13. Rd1 b4 14. Nd5 Bxd5 15. exd5 Nxc5 16. Bc4 Qa5 17. O-O Na4 18. Bd4 Ne8 19. Bxg7 Nxg7 20. b3 Nc3 21. Rd2 Nf5 22. Re1 Nxd5 23. Qe4 e6 24. Bxd5 exd5 25. Qxd5 Qb6 26. Qd3 Rfd8 27. Qe2 Rxd2 28. Qxd2 Qc5 29. Qe2 a5 30. h3 Qc2 31. g4 Ng7 32. Kg2 Ne6 33. Ne5 Nf4+ 0-1


[Site "https://www.chess.com"]

[Event "Titled Tuesday Blitz January 10 Early 2023"]
[White "Dudzinski, Pawel"]
[Black "Bryakin, Mikhail"]
[WhiteFideId "1117890"]
[BlackFideId "4165314"]
[WhiteElo "2186"]
[BlackElo "2455"]
[Result "0-1"]
[Round "05"]
[TimeControl "180+2"]
[Date "2023.01.10"]
[WhiteClock "0:00:01"]
[BlackClock "0:00:36"]

1. e4 d5 2. exd5 Qxd5 3. Nc3 Qe5+ 4. Be2 Bg4 5. h3 Bxe2 6. Qxe2 Qxe2+ 7. Ngxe2 Nc6 8. a3 O-O-O 9. d3 Nf6 10. Be3 g6 11. O-O-O Bg7 12. Rhe1 Nd5 13. Nxd5 Rxd5 14. c4 Rd7 15. Kc2 Rhd8 16. d4 Nxd4+ 17. Nxd4 Bxd4 18. Bxd4 Rxd4 19. Rxd4 Rxd4 20. Rxe7 Rxc4+ 21. Kd3 Rf4 22. Ke3 Rf6 23. Re8+ Kd7 24. Rf8 h5 25. h4 a5 26. a4 b6 27. g3 Kc6 28. Rc8 Kd7 29. Rf8 Ke7 30. Rc8 Rc6 31. Kd3 Rc1 32. b3 Kd7 33. Rf8 Ke7 34. Rc8 Rc5 35. Kd4 Kd7 36. Rf8 Rf5 37. f4 Kd6 38. Ke4 Ke7 39. Rc8 Rc5 40. Kd4 Rc1 41. Ke4 Ke6 42. Re8+ Kd7 43. Rf8 f5+ 44. Kd5 Rc3 45. Rf7+ Kc8 46. Rg7 Rxg3 47. Kc6 Rc3+ 48. Kb5 Kb7 49. b4 Rb3 0-1


[Site "https://www.chess.com"]

[Event "Titled Tuesday Blitz January 10 Early 2023"]
[White "Golizadeh, Asghar"]
[Black "Putnam, Liam"]
[WhiteFideId "12505269"]
[BlackFideId "30938279"]
[WhiteElo "2455"]
[BlackElo "2285"]
[Result "0-1"]
[Round "05"]
[TimeControl "180+2"]
[Date "2023.01.10"]
[WhiteClock "0:00:02"]
[BlackClock "0:00:19"]

1. e4 e5 2. Bc4 Nf6 3. d3 c6 4. Nf3 d5 5. Bb3 Bd6 6. exd5 cxd5 7. Nc3 O-O 8. O-O d4 9. Nb5 Nc6 10. Nxd6 Qxd6 11. Nd2 Bf5 12. f4 e4 13. dxe4 Nxe4 14. Nxe4 Bxe4 15. Re1 Qg6 16. g3 Rfe8 17. Bd2 Rad8 18. Qe2 d3 19. cxd3 Nd4 20. Qe3 Nf3+ 21. Kf2 Nxe1 22. Rxe1 Bc6 23. Qxa7 Qxd3 24. Be3 Qe4 25. Re2 Qg2+ 26. Ke1 Qh1+ 27. Bg1 Rxe2+ 28. Kxe2 Qf3+ 29. Ke1 Re8+ 30. Kd2 Re2+ 31. Kc1 Re1+ 32. Kd2 Qe2+ 33. Kc3 Rc1+ 34. Kb4 Qe4+ 35. Bd4 Qe7+ 36. Bc5 Qe8 37. Qb6 h6 38. a4 Ra1 39. a5 Qe4+ 40. Bc4 Ra4+ 41. Kc3 Qxc4+ 42. Kd2 Qd5+ 0-1


[Site "https://www.chess.com"]

[Event "Titled Tuesday Blitz January 10 Early 2023"]
[White "Postny, Evgeny"]
[Black "Foerster-Yialamas, Lucas"]
[WhiteFideId "2804344"]
[BlackFideId "30901774"]
[WhiteElo "2549"]
[BlackElo "2151"]
[Result "1-0"]
[Round "05"]
[TimeControl "180+2"]
[Date "2023.01.10"]
[WhiteClock "0:01:22"]
[BlackClock "0:00:20"]

1. e4 e5 2. Nf3 Nc6 3. Bb5 Nf6 4. O-O Nxe4 5. d4 Nd6 6. Bxc6 dxc6 7. dxe5 Nf5 8. Qxd8+ Kxd8 9. Nc3 Ke8 10. h3 Be7 11. Ne2 h6 12. Nf4 Bd7 13. Re1 Rd8 14. b3 Nh4 15. Nxh4 Bxh4 16. e6 Bxe6 17. Nxe6 fxe6 18. Rxe6+ Kf7 19. Re1 Bf6 20. Rb1 Rhe8 21. Rxe8 Rxe8 22. Kf1 c5 23. Be3 b6 24. Rd1 Rd8 25. Rxd8 Bxd8 26. Ke2 Ke6 27. Kd3 a6 28. Ke4 Be7 29. g4 a5 30. c4 c6 31. a4 Bd6 32. f4 Bc7 33. f5+ Kf6 34. Bf4 Bxf4 35. Kxf4 Ke7 36. Ke5 Kd7 37. f6 g6 38. h4 b5 39. cxb5 cxb5 40. axb5 c4 41. bxc4 a4 42. Kd4 g5 43. hxg5 hxg5 44. b6 Kd6 45. c5+ Kd7 46. Kc4 a3 47. Kb3 Ke6 48. Ka2 Kxf6 49. Kxa3 Ke6 50. b7 Kd5 51. b8=Q Kxc5 52. Qe5+ Kc6 53. Qxg5 Kd7 54. Qe5 Kd8 55. Qg7 Ke8 1-0


[Site "https://www.chess.com"]